 Dungeon Crawl Stone Soup version 0.29-a0-757-g358383b (webtiles) character file.

Game seed: 6148869261259945926

691 PurpleRed the Magician (level 7, 0/41 HPs)
             Began as a Deep Elf Brigand on June 30, 2022.
             Was an Initiate of Vehumet.
             Killed from afar by an orc wizard (5 damage)
             ... with a puff of flame
             ... on level 5 of the Dungeon.
             The game lasted 00:15:13 (1431 turns).

PurpleRed the Magician (Deep Elf Brigand)           Turns: 1431, Time: 00:15:13

Health: 0/41       AC:  4    Str:  8    XL:     7   Next: 36%
Magic:  20/20      EV: 13    Int: 18    God:    Vehumet [......]
Gold:   126        SH:  0    Dex: 16    Spells: 21/21 levels left

rFire   + . .      SeeInvis .   a - +2 dagger (vorpal)
rCold   + . .      Faith    .   (no shield)
rNeg    . . .      Spirit   .   k - +1 leather armour {rPois}
rPois   +          Reflect  .   (no helmet)
rElec   .          Harm     .   f - scarf {rC+ rF+}
rCorr   .          Rampage  .   (no gloves)
Will    .....                   (no boots)
Stlth   +++.......              (no amulet)
HPRegen 0.13/turn               h - ring of poison resistance
MPRegen 0.17/turn               (no ring)

@: no status effects
A: no striking features
a: Renounce Religion


You were on level 5 of the Dungeon.
You worshipped Vehumet.
Vehumet was noncommittal.
You visited 1 branch of the dungeon, and saw 7 of its levels.

You collected 126 gold pieces.

Inventory:

Hand Weapons
 a - a +2 vorpal dagger (weapon)
Missiles
 m - 3 javelins (quivered)
Armour
 b - a +0 robe
 c - a +0 cloak
 f - a scarf of resistance (worn)
 k - a +1 leather armour of poison resistance (worn)
Jewellery
 h - a ring of poison resistance (left hand)
Scrolls
 g - a scroll of immolation {unknown}
 i - a scroll of teleportation


   Skills:
 - Level 3.0 Fighting
 - Level 2.0 Short Blades
 - Level 2.0 Throwing
 - Level 4.0 Dodging
 - Level 6.0 Stealth
 + Level 7.9 Spellcasting


You had 21 spell levels left.
You didn't know any spells.
Your spell library was empty.

Dungeon Overview and Level Annotations

Branches:
Dungeon (7/15)
 Temple: D:4-7

Altars:
Qazlal
Vehumet

Annotations:
D:2 1 runed translucent door, Crazy Yiuf


Message History

You completely miss the gnoll.
The gnoll is heavily wounded.
The gnoll hits you with a +2 flail of draining.
* * * LOW HITPOINT WARNING * * *
You feel drained.
* * * LOW HITPOINT WARNING * * *
The orc wizard hits the plant with a +0 dagger.
The plant begins to die.
Aiming: Paralyse
Press: ? - help, Shift-Dir - straight line, f/p - gnoll
Aim: a gnoll, wielding a +2 flail of draining (heavily wounded, chance to affect: 57%)
The gnoll suddenly stops moving!
The now-empty wand crumbles to dust.
The gnoll hits the plant with a +0 club.
The orc wizard gestures wildly while chanting.
The orc wizard flickers and vanishes!
Deactivating autopickup; reactivate with Ctrl-A.
The gnoll hits the plant with a +0 whip.
The plant begins to die.
The helpless gnoll fails to defend itself.
You impale the gnoll!!
You kill the gnoll!
Vehumet accepts your kill.
The gnoll hits the plant with a +0 club.
You hear a splashing noise.
The gnoll hits the plant with a +0 whip.
Your life force feels restored.
Something hits the plant! x2; The plant begins to die.
You see here a +2 flail of draining.
A nearby plant withers and dies. x2; Something completely misses the plant.
A nearby plant withers and dies.
You see here 2 javelins.
m - 3 javelins (gained 2)
A nearby plant withers and dies.
A puff of flame appears from out of thin air!
The puff of flame hits you. You resist.
* * * LOW HITPOINT WARNING * * *
You see here a +0 dagger.
A puff of flame appears from out of thin air!
The puff of flame hits you. You resist.
You die...

≈≈≈≈≈≈≈≈♣...##............#.####
P≈≈o≈≈≈≈P≈#....#########..#.#
≈≈≈≈≈≈≈≈≈....### #.##.#
.≈.P≈≈♣♣.###.# ##.##.#
.......#.# #..# #..##.#
.......#.# ##.## #.###.#
≈P....##.# #..# ##.###)#
≈P≈♣.###.#####.#######..(.).#
≈♣♣#.###...#....@(.)(....#### ♣
##.....g{..##...##...###
###........)...##..#(###
#...########.....#....#######
..### ###)#.###....)...# ###
#..........###.#
###............# #........#####
##########


You could see a gnoll.

Vanquished Creatures
  A wyvern (D:7)
  2 phantoms
  A necrophage (D:5)
  A scorpion (D:5)
  A jelly (D:6)
  A gnoll shaman (D:5)
  An orc priest (D:5)
  A hound (D:4)
  2 orc wizards
  4 gnolls (D:5)
  4 adders
  2 worms
  8 orcs
  An endoplasm (D:1)
  2 giant cockroaches (D:3)
  2 goblins
  4 hobgoblins
  3 kobolds (D:2)
  2 quokkas
  2 ball pythons
  3 bats (D:2)
  4 frilled lizards
  3 rats
55 creatures vanquished.

Vanquished Creatures (others)
  12 plants (D:5)
12 creatures vanquished.

Grand Total: 67 creatures vanquished

Notes
Turn   | Place    | Note
-------+----------+-------------------------------------------
     0 | D:1      | PurpleRed the Deep Elf Brigand began the quest for the Orb.
     0 | D:1      | Reached XP level 1. HP: 12/12 MP: 3/3
   152 | D:1      | Reached skill level 1 in Spellcasting
   238 | D:2      | Reached XP level 2. HP: 14/17 MP: 4/6
   267 | D:2      | Reached skill level 2 in Spellcasting
   307 | D:2      | Reached skill level 3 in Spellcasting
   308 | D:2      | Reached XP level 3. HP: 15/21 MP: 7/9
   435 | D:2      | Found a runed translucent door.
   436 | D:2      | Noticed Crazy Yiuf
   612 | D:2      | Found a faded altar of an unknown god.
   613 | D:2      | Noticed a great orb of eyes
   615 | D:2      | Noticed a great orb of eyes
   615 | D:2      | Noticed an eye of devastation
   615 | D:2      | Noticed a floating eye
   620 | D:2      | Reached skill level 4 in Spellcasting
   726 | D:4      | Reached XP level 4. HP: 23/26 MP: 10/12
   757 | D:3      | Reached skill level 5 in Spellcasting
   918 | D:3      | Found a radiant altar of Vehumet.
   933 | D:3      | Became a worshipper of Vehumet
  1081 | D:3      | You fall into a shaft and drop 3 floors!
  1094 | D:7      | Noticed a hornet
  1094 | D:7      | Noticed a sky beast
  1103 | D:6      | Noticed a phantom
  1117 | D:6      | Killed a phantom
  1118 | D:6      | Reached skill level 5 in Stealth
  1118 | D:6      | Reached XP level 5. HP: 18/30 MP: 15/15
  1137 | D:7      | Noticed a wyvern
  1139 | D:7      | Killed a wyvern
  1140 | D:7      | Reached skill level 6 in Spellcasting
  1140 | D:7      | Reached XP level 6. HP: 10/36 MP: 17/17
  1197 | D:5      | Entered Level 5 of the Dungeon
  1241 | D:5      | Reached XP level 7. HP: 16/41 MP: 19/19
  1264 | D:5      | Reached skill level 7 in Spellcasting
  1356 | D:5      | Found a stormy altar of Qazlal.
  1431 | D:5      | Killed from afar by an orc wizard

Illustrated notes

Levels and vault maps discovered:
D:1:      dpeg_arrival_tiny_k, layout_basic, minmay_hexomino_r4
D:2:      minmay_skewed_foursquare, layout_loops_ring,
          hellmonk_ecumenical_altar_watching_god, roderic_st_hans_cross,
          minmay_crystal_room, uniq_crazy_yiuf_cottage
D:3:      layout_loops_corners, nicolae_vehumet_radiance, nicolae_titane
D:4:      layout_layer_cave, lemuel_crystal_altar
D:5:      layout_rooms, grunt_gozag_breadcrumbs, grunt_qazlal_clouds,
          minmay_temple_entry_antechambers, serial_bayou_ford_a
D:6:      layout_gridville, minmay_holes
D:7:      layout_cave_pods, makhleb_altar_promises_db, nicolae_overflow_squiral,
          nzn_ghost_randoct, uniq_prince_ribbit1

Skill      XL: |  1  2  3  4  5  6  7 |
---------------+----------------------+-----
Spellcasting   | 1 3 4 5 6 7 |  7.9
Fighting       | 2 3 |  3.0
Dodging        | 2 3 4 |  4.0
Stealth        | 5 6 |  6.0
Short Blades   | |  2.0
Throwing       | |  2.0

Action                   |  1- 3 |  4- 6 |  7- 9 || total
-------------------------+-------+-------+-------++-------
Melee: Dagger            |    51 |    41 |    18 ||   110
       Punch             |     1 |     1 |       ||     2
Throw: Dart              |    28 |     3 |     6 ||    37
       Javelin           |       |     8 |     5 ||    13
Evoke: Wand              |       |     7 |     9 ||    16
  Use: Scroll            |     1 |     3 |       ||     4
       Potion            |       |     1 |     2 ||     3
 Stab: Sleeping          |    10 |     4 |       ||    14
       Paralysed         |       |       |     4 ||     4
Armor: Leather armour    |     7 |     2 |     4 ||    13
Dodge: Dodged            |    24 |    18 |    14 ||    56

Table legend: (Time is in decaauts)
 A = Elapsed time spent in this place.
 B = Non-inter-level travel time spent in this place.
 C = Inter-level travel time spent in this place.
 D = Time resting spent in this place.
 E = Time spent auto-exploring this place.
 F = Levels seen in this place.
 G = Mean time per level.
                   A        B        C        D        E       F      G
               +--------+--------+--------+--------+--------+-----+--------+
         Total |   1421 |   1385 |     36 |      0 |      0 |   7 |  203.0 |
       Dungeon |   1421 |   1385 |     36 |      0 |      0 |   7 |  203.0 |
               +--------+--------+--------+--------+--------+-----+--------+

Top non-repeatable levels by time:
     D:2: 469 daAuts
     D:3: 395 daAuts
     D:5: 233 daAuts
     D:1: 191 daAuts
     D:6: 107 daAuts
     D:4: 14 daAuts
     D:7: 9 daAuts
